 Dungeon Crawl Stone Soup version 0.31-a0-196-g86fe4a5e66 (webtiles) character file.

Game seed: 16318173840356713866

39 qw the Shooter (level 3, -1/20 HPs)
             Began as a Deep Elf Hunter on June 24, 2023.
             Succumbed to their own poison gas
             ... on level 1 of the Dungeon.
             The game lasted 00:00:26 (854 turns).

qw the Shooter (Deep Elf Hunter)                     Turns: 854, Time: 00:00:27

Health: -1/20      AC:  6    Str: 10    XL:     3   Next: 26%
Magic:  5/5        EV: 11    Int: 13    God:
Gold:   99         SH:  0    Dex: 18    Spells: 2/2 levels left

rFire   . . .        Y - +1 shortbow
rCold   . . .        (shield currently unavailable)
rNeg    . . .        k - +0 ring mail
rPois   .            (no helmet)
rElec   .            (no cloak)
rCorr   .            d - +0 pair of gloves
SInv    .            (no boots)
Will    .....        (no amulet)
Stlth   +            (no ring)
HPRegen 0.23/turn    (no ring)
MPRegen 0.09/turn

%: no passive effects
@: lethally poisoned (-1 -> -16)
A: no striking features
a: no special abilities


You were on level 1 of the Dungeon.
You visited 1 branch of the dungeon, and saw 1 of its levels.

You collected 99 gold pieces.


   Skills:
 - Level 1.5 Fighting
 + Level 6.8 Ranged Weapons
 - Level 2.4 Dodging
 - Level 1.2 Stealth


You had 2 spell levels left.
You didn't know any spells.
Your spell library was empty.

Inventory:

Hand Weapons
 Y - a +1 shortbow (weapon)
Armour
 d - a +0 pair of gloves (worn)
 k - a +0 ring mail (worn)
Potions
 h - a potion of curing {unknown}
 i - a potion of experience {unknown}
 j - a potion of heal wounds {unknown}

Dungeon Overview and Level Annotations

Branches:
Dungeon (1/15)

Altars:


Message History

Done exploring.
839 ||| READING scroll labelled IPI YROBUMIKO.
The air fills with toxic fumes!
As you read the scroll labelled IPI YROBUMIKO, it crumbles to dust.
It was a scroll of poison.
Done exploring.
840 ||| DRINKING 2 white potions.
It was a potion of ambrosia.
You are confused.
You feel invigorated.
You feel less invigorated.
You feel less confused.
Done exploring.
849 ||| DROPPING scroll of butterflies.
You drop a scroll of butterflies.
Done exploring.
850 ||| DROPPING 2 scrolls of revelation.
You drop 2 scrolls of revelation.
Done exploring.
851 ||| DROPPING potion of ambrosia.
You drop a potion of ambrosia.
Done exploring.
(D) Dungeon
Where to? (* - list waypoints, ? - help)
What level of the Dungeon? (default 1, ? - help) Sorry, I don't know how to get there.
Enter note:
Enter note:
Enter note:
Enter note:
Enter note:
Enter note:
Enter note:
Enter note:
Enter note: Really walk into that cloud of poison gas?
You are engulfed in poison gas.
You are lethally poisoned!
You feel very sick.
There is a lethal amount of poison in your body!
You feel very sick.
There is a lethal amount of poison in your body!
You die...

#####.##########........#
#####.[.....>......#.....
#############..#.....####
##############...%.......
##############.##.##.#.##
#########7_7#####.##.#.##
#######P...[0P###.##)#..#
######P!0P~~..P##........
#######0@P~~.0######.####
########P.00P##......# #
##########0####.###### #
########P##0P##.# #
########...P###.# ######
#######.P#####..# #.....
#######........## #.....
########## #..... #..>..


There were no monsters in sight!

Vanquished Creatures
  A dart slug (D:1)
  3 endoplasms (D:1)
  2 goblins (D:1)
  7 hobgoblins (D:1)
  2 jackals (D:1)
  A quokka (D:1)
  6 ball pythons (D:1)
  3 bats (D:1)
  3 frilled lizards (D:1)
  2 kobolds (D:1)
  3 rats (D:1)
33 creatures vanquished.

Notes
Turn   | Place    | Note
-------+----------+-------------------------------------------
     0 | D:1      | qw the Deep Elf Hunter began the quest for the Orb.
     0 | D:1      | Reached XP level 1. HP: 12/12 MP: 3/3
     0 | D:1      | 0 ||| qw: Version: 0.3-a-9-g12657ce
     0 | D:1      | 0 ||| qw: Game counter: 4774
     0 | D:1      | 0 ||| qw: Always use a shield: true
     0 | D:1      | 0 ||| qw: God list: Okawaru
     0 | D:1      | 0 ||| qw: Allow faded altars: false
     0 | D:1      | 0 ||| qw: Do Orc after D:15 true
     0 | D:1      | 0 ||| qw: Do second Lair branch before Depths: true
     0 | D:1      | 0 ||| qw: Lair rune preference: random
     0 | D:1      | 0 ||| qw: Plans: Normal
     0 | D:1      | 0 ||| PLANNING D:1-11
   122 | D:1      | Reached XP level 2. HP: 16/16 MP: 4/4
   160 | D:1      | Reached skill level 6 in Ranged Weapons
   420 | D:1      | Reached XP level 3. HP: 20/20 MP: 5/5
   566 | D:1      | 566 ||| FLEEEEING.
   567 | D:1      | 567 ||| FLEEEEING.
   568 | D:1      | 568 ||| FLEEEEING.
   605 | D:1      | Found a faded altar of an unknown god.
   819 | D:1      | 819 ||| UPGRADING to +0 pair of gloves.
   824 | D:1      | 824 ||| UPGRADING to +0 ring mail.
   834 | D:1      | 834 ||| DROPPING +0 leather armour.
   835 | D:1      | 835 ||| DROPPING ring of wizardry.
   836 | D:1      | 836 ||| READING scroll labelled ICEYL YCLEZI.
   837 | D:1      | 837 ||| READING scroll labelled KUERREICS TECS.
   838 | D:1      | 838 ||| READING 3 scrolls labelled TAFIKE XACWA.
   839 | D:1      | 839 ||| READING scroll labelled IPI YROBUMIKO.
   840 | D:1      | 840 ||| DRINKING 2 white potions.
   849 | D:1      | 849 ||| DROPPING scroll of butterflies.
   850 | D:1      | 850 ||| DROPPING 2 scrolls of revelation.
   851 | D:1      | 851 ||| DROPPING potion of ambrosia.
   853 | D:1      | HP: 1/20 [poisoned by you (poison gas)]
   854 | D:1      | Succumbed to their own poison gas

Levels and vault maps discovered:
D:1:      dpeg_arrival_arbitrary_b, layout_basic,
          dreamdust_ecumenical_altar_hidden_monk_grotto

Skill      XL: |  1  2 |
---------------+-------+-----
Ranged Weapons | 6 |  6.8
Fighting       | |  1.5
Dodging        | |  2.4
Stealth        | |  1.2

Action                     || total
---------------------------++-------
   Fire: Shortbow          ||   100
    Use: Scroll            ||     4
         Potion            ||     1
 Armour: Leather armour    ||    16
  Dodge: Dodged            ||    41

Table legend:
 A = Non-vault XP
 B = Vault XP
 C = Vault XP percentage of total XP
 D = Non-vault monster count
 E = Vault monster count
 F = Vault count percentage of total count
                 A         B        C        D         E       F
            +---------+---------+-------+---------+---------+-------
      Total |      56 |       0 |   0.0 |      33 |       0 |   0.0
            +---------+---------+-------+---------+---------+-------
        D:1 |      56 |       0 |   0.0 |      33 |       0 |   0.0
            +---------+---------+-------+---------+---------+-------
